[ AOE2 MATCH · #486094967 ]
UnrankedItalians vs Britons
Player's team · LOSS
Rival team · WIN
[ REPLAY ANALYSIS · EXTRACTED FROM THE RECORDED GAME ]
Feudal
10:43
Castle
27:11
Imperial
—
| APM avg | 11.7 |
| APM peak | 31 |
| eAPM avg | 8.2 |
| Villagers / military | 31 / 26 |
Focus
⚔️ 37.0% · 🌾 63.0%
Skirmisher ×16 · Archer ×4 · Mangonel ×2 · Scorpion ×2 · Spearman ×2
Feudal
11:51
Castle
15:34
Imperial
—
| APM avg | 25.6 |
| APM peak | 70 |
| eAPM avg | 13.0 |
| Villagers / military | 62 / 32 |
Focus
⚔️ 15.8% · 🌾 84.2%
Archer ×32
Match map
Initial resources + every placement click. Lines = walls · curves = elevation contours. ◆ gold · ⬟ stone · ● berries · ✦ relic · ◌ wall gap
Your base· ✓ Closed at 27:11 · 0t walls · 4 gate(s)
Lolvaldomero's base· ✓ Closed at 15:34 · 0t walls · 3 gate(s)
Smoothed initial terrain · ◌ = detected wall gap · hover for details
Inputs per minute
— Limoncello - - Lolvaldomero
Build order — Limoncello
91 actions detected in the replay
| 0:00 | Create | Villager (Male) |
| 0:01 | Create | Villager (Male) |
| 0:01 | Create | Villager (Male) |
| 0:01 | Create | Villager (Male) |
| 0:03 | Build | House |
| 0:05 | Build | House |
| 1:31 | Create | Villager (Male) |
| 1:49 | Create | Villager (Male) |
| 2:12 | Create | Villager (Male) |
| 2:49 | Create | Villager (Male) |
| 3:22 | Create | Villager (Male) |
| 3:39 | Create | Villager (Male) |
| 3:55 | Build | House |
| 3:58 | Create | Villager (Male) |
| 4:52 | Build | Lumber Camp |
| 4:55 | Create | Villager (Male) |
| 5:12 | Create | Villager (Male) |
| 5:49 | Build | House |
| 5:50 | Create | Villager (Male) |
| 6:02 | Build | Mill |
| 6:08 | Create | Villager (Male) |
| 6:38 | Create | Villager (Male) |
| 7:06 | Create | Villager (Male) |
| 7:48 | Create | Villager (Male) |
| 7:56 | Build | House |
| 8:33 | Research | Feudal Age |
| 8:40 | Build | Mining Camp |
| 10:17 | Build | Mining Camp |
| 10:43 | Age | Feudal Age |
| 10:45 | Create | Villager (Male) |
| 11:15 | Research | Loom |
| 11:17 | Create | Villager (Male) |
| 11:47 | Build | Watch Tower |
| 12:01 | Create | Villager (Male) |
| 12:40 | Build | Barracks |
| 12:43 | Create | Villager (Male) |
| 12:44 | Create | Villager (Male) |
| 13:23 | Create | Spearman |
| 13:23 | Create | Spearman |
| 13:38 | Build | Archery Range |
| 13:41 | Create | Villager (Male) |
| 13:42 | Create | Villager (Male) |
| 14:24 | Build | Watch Tower |
| 15:04 | Build | Palisade Gate |
| 15:13 | Create | Villager (Male) |
| 15:14 | Create | Villager (Male) |
| 15:20 | Build | House |
| 15:42 | Build | Watch Tower |
| 15:57 | Create | Villager (Male) |
| 16:44 | Build | Market |
| 16:49 | Build | Blacksmith |
| 16:55 | Create | Skirmisher ×5 |
| 17:31 | Build | House |
| 17:33 | Build | House |
| 18:54 | Create | Villager (Male) |
| 18:55 | Create | Villager (Male) |
| 18:55 | Create | Villager (Male) |
| 19:23 | Build | Archery Range |
| 19:41 | Create | Skirmisher |
| 19:41 | Create | Skirmisher |
| 19:42 | Create | Skirmisher |
| 19:49 | Build | House |
| 19:51 | Build | House |
| 19:52 | Build | House |
| 19:53 | Build | House |
| 19:54 | Build | House |
| 20:32 | Build | Lumber Camp |
| 21:08 | Create | Archer |
| 21:09 | Create | Archer |
| 21:09 | Create | Archer |
| 21:09 | Create | Archer |
| 21:35 | Build | Mining Camp |
| 22:44 | Create | Skirmisher |
| 22:45 | Create | Skirmisher |
| 22:46 | Create | Skirmisher |
| 22:46 | Create | Skirmisher |
| 22:46 | Create | Skirmisher |
| 22:47 | Create | Skirmisher |
| 23:30 | Build | Town Center |
| 23:59 | Research | Fletching |
| 24:31 | Research | Castle Age |
| 26:25 | Research | Padded Archer Armor |
| 27:11 | Age | Castle Age |
| 27:14 | Build | Siege Workshop |
| 27:19 | Research | Elite Skirmisher (upgrade) |
| 27:26 | Research | Bodkin Arrow |
| 27:48 | Create | Mangonel |
| 28:25 | Create | Skirmisher ×2 |
| 29:13 | Create | Scorpion |
| 29:14 | Create | Scorpion |
| 29:19 | Create | Mangonel |
Build order — Lolvaldomero
First 150 of 161 actions detected
| 0:01 | Create | Villager (Male) |
| 0:01 | Create | Villager (Male) |
| 0:01 | Create | Villager (Male) |
| 0:01 | Create | Villager (Male) |
| 0:02 | Create | Villager (Male) |
| 0:37 | Build | House |
| 0:54 | Build | House |
| 1:30 | Create | Villager (Male) |
| 1:30 | Create | Villager (Male) |
| 1:58 | Build | Lumber Camp |
| 2:20 | Create | Villager (Male) |
| 2:20 | Create | Villager (Male) |
| 2:21 | Create | Villager (Male) |
| 3:25 | Create | Villager (Male) |
| 3:26 | Create | Villager (Male) |
| 3:26 | Create | Villager (Male) |
| 4:06 | Build | Mill |
| 4:13 | Create | Villager (Male) |
| 4:13 | Create | Villager (Male) |
| 4:37 | Build | House |
| 4:56 | Create | Villager (Male) |
| 4:57 | Create | Villager (Male) |
| 4:57 | Create | Villager (Male) |
| 4:57 | Create | Villager (Male) |
| 5:49 | Build | House |
| 6:46 | Create | Villager (Male) |
| 6:46 | Create | Villager (Male) |
| 6:47 | Create | Villager (Male) |
| 6:49 | Create | Villager (Male) |
| 6:50 | Create | Villager (Male) |
| 6:51 | Create | Villager (Male) |
| 6:54 | Create | Villager (Male) |
| 6:54 | Create | Villager (Male) |
| 7:22 | Build | Lumber Camp |
| 8:56 | Build | Mining Camp |
| 9:08 | Build | Farm |
| 9:09 | Build | Farm |
| 9:09 | Build | Farm |
| 9:10 | Build | Farm |
| 9:18 | Build | Farm |
| 9:28 | Research | Feudal Age |
| 10:30 | Build | House |
| 10:43 | Build | House |
| 11:18 | Create | Villager (Male) |
| 11:19 | Create | Villager (Male) |
| 11:38 | Build | Farm |
| 11:38 | Build | Farm |
| 11:51 | Age | Feudal Age |
| 11:53 | Build | Market |
| 12:00 | Build | Blacksmith |
| 12:54 | Research | Castle Age |
| 12:54 | Research | Castle Age |
| 13:29 | Build | House |
| 13:55 | Build | Barracks |
| 14:13 | Build | House |
| 14:15 | Build | House |
| 14:53 | Build | Archery Range |
| 15:20 | Build | House |
| 15:25 | Build | House |
| 15:34 | Age | Castle Age |
| 15:51 | Create | Villager (Male) |
| 15:51 | Create | Villager (Male) |
| 15:51 | Create | Villager (Male) |
| 15:52 | Create | Villager (Male) |
| 15:52 | Create | Villager (Male) |
| 15:53 | Create | Villager (Male) |
| 15:53 | Create | Villager (Male) |
| 16:13 | Create | Archer |
| 16:14 | Create | Archer |
| 16:14 | Create | Archer |
| 16:23 | Build | House |
| 16:52 | Build | House |
| 16:59 | Research | Crossbowman (upgrade) |
| 16:59 | Create | Archer |
| 17:00 | Create | Archer |
| 17:06 | Research | Padded Archer Armor |
| 17:25 | Research | Fletching |
| 17:33 | Build | House |
| 17:38 | Build | House |
| 17:42 | Build | House |
| 17:55 | Create | Archer |
| 17:55 | Create | Archer |
| 18:38 | Build | House |
| 18:46 | Research | Bodkin Arrow |
| 19:05 | Research | Gold Mining |
| 19:46 | Create | Villager (Male) |
| 19:46 | Create | Villager (Male) |
| 19:46 | Create | Villager (Male) |
| 19:46 | Create | Villager (Male) |
| 19:47 | Create | Villager (Male) |
| 19:47 | Create | Villager (Male) |
| 19:50 | Build | Farm |
| 19:50 | Build | Farm |
| 19:52 | Build | Farm |
| 20:11 | Build | University |
| 20:24 | Build | Farm |
| 20:25 | Build | Farm |
| 20:25 | Build | Farm |
| 20:26 | Build | Farm |
| 20:32 | Build | Farm |
| 20:34 | Research | Double-Bit Axe |
| 20:52 | Create | Archer |
| 20:53 | Create | Archer |
| 20:53 | Create | Archer |
| 21:29 | Build | Farm |
| 21:50 | Research | Padded Archer Armor |
| 22:19 | Build | Farm |
| 22:19 | Build | Farm |
| 22:20 | Build | Farm |
| 22:26 | Create | Archer |
| 22:27 | Create | Archer |
| 22:27 | Create | Archer |
| 22:27 | Create | Archer |
| 22:58 | Create | Villager (Male) |
| 22:58 | Create | Villager (Male) |
| 22:59 | Create | Villager (Male) |
| 22:59 | Create | Villager (Male) |
| 22:59 | Create | Villager (Male) |
| 22:59 | Create | Villager (Male) |
| 22:59 | Create | Villager (Male) |
| 23:24 | Build | Town Center |
| 23:46 | Build | Mining Camp |
| 23:50 | Research | Gold Shaft Mining |
| 24:59 | Research | Ballistics |
| 25:18 | Create | Villager (Male) |
| 25:18 | Create | Villager (Male) |
| 25:18 | Create | Villager (Male) |
| 25:18 | Create | Villager (Male) |
| 25:19 | Create | Villager (Male) |
| 25:19 | Create | Villager (Male) |
| 25:19 | Create | Villager (Male) |
| 25:22 | Create | Archer |
| 25:23 | Create | Archer |
| 25:23 | Create | Archer |
| 25:23 | Create | Archer |
| 25:23 | Create | Archer |
| 25:23 | Create | Archer |
| 25:24 | Create | Archer |
| 25:24 | Create | Archer |
| 25:39 | Build | Archery Range |
| 26:23 | Create | Villager (Male) |
| 26:23 | Create | Villager (Male) |
| 26:23 | Create | Villager (Male) |
| 26:23 | Create | Villager (Male) |
| 26:24 | Create | Villager (Male) |
| 26:24 | Create | Villager (Male) |
| 26:51 | Create | Archer |
| 26:52 | Create | Archer |
| 26:52 | Create | Archer |
| 26:59 | Create | Archer |
Match timeline
| 10:43 | Limoncello · age_up feudal |
| 11:51 | Lolvaldomero · age_up feudal |
| 12:40 | Limoncello · first_building Barracks |
| 12:40 | Lolvaldomero · first_market_sell 100 stone |
| 12:43 | Lolvaldomero · first_market_buy 100 food |
| 13:38 | Limoncello · first_building Archery Range |
| 13:55 | Lolvaldomero · first_building Barracks |
| 14:53 | Lolvaldomero · first_building Archery Range |
| 15:34 | Lolvaldomero · age_up castle |
| 24:08 | Limoncello · first_market_buy 100 food |
| 27:11 | Limoncello · age_up castle |
| 27:14 | Limoncello · first_building Siege Workshop |
| 28:01 | Lolvaldomero · first_building Castle |
| 29:54 | Limoncello · resign |
[ AI ANALYSIS · 1 CREDIT ]
What really happened in this match?
Wolo.gg analyzes every decision: build order, eco, micro, common mistakes by bracket. Personalized analysis on WhatsApp or Discord in 30 seconds.
Civ guide
Italians
Perfil
Jugador #20672890